[Event "Titled Tuesday Blitz January 03 Early 2023"]
[White "Yaniuk, Volodymyr"]
[Black "Bortnyk, Mykola"]
[WhiteFideId "14133083"]
[BlackFideId "14120836"]
[WhiteElo "2223"]
[BlackElo "2425"]
[Result "0-1"]
[Round "01"]
[TimeControl "180+2"]
[Date "2023.01.03"]
[WhiteClock "0:00:07"]
[BlackClock "0:00:37"]

1. d4 d6 2. c4 e5 3. Nf3 Nd7 4. Nc3 c6 5. g3 Be7 6. Bg2 Ngf6 7. O-O O-O 8. e4 exd4 9. Nxd4 Ne5 10. b3 Re8 11. h3 Ng6 12. Bb2 Bf8 13. Qd2 h5 14. f4 Qb6 15. Na4 Qc7 16. Rae1 d5 17. cxd5 cxd5 18. exd5 Rxe1 19. Rxe1 h4 20. f5 Ne7 21. Nb5 Qd7 22. Bxf6 gxf6 23. Nd4 Nxf5 24. Nxf5 Qxf5 25. g4 Qd7 26. Nc3 a5 27. Ne4 Ra6 28. Qf2 Bg7 29. Nc5 Qd8 30. Nxa6 bxa6 31. d6 Be6 32. Rd1 Bh6 33. Qd2 Bxd2 34. Rxd2 Qb6+ 35. Kf1 Bd7 36. Ke2 a4 37. Kd1 axb3 38. axb3 Qxb3+ 39. Ke2 a5 40. Bd5 Qxh3 41. Bf3 a4 42. Rd3 Qh2+ 43. Ke3 Qe5+ 0-1


[Site "https://www.chess.com"]

[Event "Titled Tuesday Blitz January 03 Early 2023"]
[White "Bachmann, Axel"]
[Black "Iljin, Timofey"]
[WhiteFideId "3700488"]
[BlackFideId "14110180"]
[WhiteElo "2604"]
[BlackElo "2329"]
[Result "1-0"]
[Round "01"]
[TimeControl "180+2"]
[Date "2023.01.03"]
[WhiteClock "0:00:58"]
[BlackClock "0:00:02"]

1. d4 f5 2. Nf3 Nf6 3. c4 g6 4. g3 Bg7 5. Bg2 O-O 6. O-O d6 7. Nc3 Qe8 8. b3 e5 9. dxe5 dxe5 10. e4 Nc6 11. Re1 fxe4 12. Ng5 h6 13. Ngxe4 Nxe4 14. Nxe4 Bf5 15. Qd5+ Be6 16. Qb5 Nd4 17. Qxb7 Qf7 18. Be3 Nc2 19. Nc5 Nxe3 20. fxe3 Qf2+ 21. Kh1 Bg4 22. Qe4 Bf5 23. Qf3 Qb2 24. Qe2 Qa3 25. Bd5+ Kh7 26. Ne6 Bxe6 27. Bxe6 Rf6 28. Bd5 Raf8 29. Be4 Rf2 30. Qg4 R8f6 31. Re2 Rxe2 32. Qxe2 Qb4 33. Rd1 Qf8 34. Kg2 Qe7 35. h4 h5 36. Qxh5+ Kg8 37. Bxg6 Qc5 38. Rd8+ 1-0


[Site "https://www.chess.com"]

[Event "Titled Tuesday Blitz January 03 Early 2023"]
[White "Bazarov, Konstantin"]
[Black "Shimanov, Aleksandr"]
[WhiteFideId "4137000"]
[BlackFideId "4198603"]
[WhiteElo "2235"]
[BlackElo "2581"]
[Result "0-1"]
[Round "01"]
[TimeControl "180+2"]
[Date "2023.01.03"]
[WhiteClock "0:01:36"]
[BlackClock "0:01:57"]

1. c4 g6 2. d4 Bg7 3. e4 d6 4. h3 c5 5. d5 e6 6. Nf3 Qe7 7. Be2 Nd7 8. O-O h6 9. dxe6 fxe6 10. Nc3 Bxc3 11. bxc3 e5 12. Nh2 Ngf6 13. Qc2 b6 14. f4 Bb7 15. Bd3 O-O-O 16. f5 Rdg8 17. a4 a5 18. Rb1 gxf5 19. Rxf5 Rg6 20. Be3 Rhg8 21. Rf2 Rg3 22. Re1 Rxh3 23. Nf1 Ng4 24. Rfe2 Qh4 25. gxh3 Nxe3+ 26. Rg2 Rxg2+ 27. Qxg2 Nxg2 0-1


[Site "https://www.chess.com"]

[Event "Titled Tuesday Blitz January 03 Early 2023"]
[White "Chigaev, Maksim"]
[Black "Gavilan Diaz, Mario"]
[WhiteFideId "4108116"]
[BlackFideId "2260905"]
[WhiteElo "2628"]
[BlackElo "2271"]
[Result "1-0"]
[Round "01"]
[TimeControl "180+2"]
[Date "2023.01.03"]
[WhiteClock "0:00:28"]
[BlackClock "0:00:02"]

1. e4 e6 2. d4 d5 3. Nd2 c5 4. Ngf3 Nc6 5. exd5 Qxd5 6. Bc4 Qd8 7. dxc5 Bxc5 8. O-O Nf6 9. Nb3 Qxd1 10. Rxd1 Be7 11. Nbd4 Nxd4 12. Rxd4 O-O 13. Bg5 b6 14. Ne5 Bb7 15. Rad1 Rfd8 16. Nd7 Rxd7 17. Rxd7 Nxd7 18. Bxe7 Ne5 19. Be2 f6 20. h3 Kf7 21. Bd6 Nc6 22. Bc7 Ke7 23. Bf3 Rc8 24. Bd6+ Kf7 25. Ba3 Rd8 26. Rxd8 Nxd8 27. Bxb7 Nxb7 28. Kf1 e5 29. Ke2 f5 30. Kd3 Ke6 31. Kc4 a6 32. Bf8 g6 33. a3 Na5+ 34. Kd3 Nc6 35. c4 e4+ 36. Ke3 Ne5 37. b3 Nd3 38. Bg7 b5 39. f3 Nc1 40. cxb5 axb5 41. a4 bxa4 42. bxa4 exf3 43. gxf3 Nb3 44. h4 Kd5 45. Bc3 Kc4 46. Be1 Nc5 47. a5 Kb5 48. Kd4 Nd7 49. Kd5 Nf6+ 50. Ke6 Nh5 51. Bd2 Ng3 52. Kf7 Nf1 53. Bf4 Kxa5 54. Kg7 Kb5 55. Kxh7 Kc4 56. Kxg6 Kd3 57. Kxf5 Ke2 58. h5 Kxf3 59. h6 1-0


[Site "https://www.chess.com"]

[Event "Titled Tuesday Blitz January 03 Early 2023"]
[White "Erzhanov, Arman"]
[Black "Vokhidov, Shamsiddin"]
[WhiteFideId "4138821"]
[BlackFideId "14204223"]
[WhiteElo "2228"]
[BlackElo "2586"]
[Result "0-1"]
[Round "01"]
[TimeControl "180+2"]
[Date "2023.01.03"]
[WhiteClock "0:00:23"]
[BlackClock "0:00:24"]

1. e4 e5 2. Nf3 Nc6 3. Bb5 Nf6 4. O-O Nxe4 5. Re1 Nd6 6. Nxe5 Be7 7. Bf1 O-O 8. d4 Nf5 9. c3 Nxe5 10. Rxe5 d5 11. Bd3 g6 12. Nd2 Bd6 13. Re1 Nh4 14. Nf3 Bg4 15. Be2 c6 16. h3 Bxf3 17. Bxf3 Qf6 18. Be2 Rfe8 19. Bf1 Bc7 20. Bd2 Bf4 21. Bxf4 Qxf4 22. Qg4 Qxg4 23. hxg4 f5 24. gxf5 Nxf5 25. Bd3 Nd6 26. Kf1 Kg7 27. Rxe8 Rxe8 28. Re1 Rxe1+ 29. Kxe1 h5 30. Ke2 g5 31. Ke3 Kf6 32. b3 Nf5+ 33. Kf3 Ng7 34. Kg3 Ne6 35. Kf3 g4+ 36. Kg3 Kg5 37. Bf1 h4+ 38. Kh2 Kf4 39. Be2 g3+ 40. fxg3+ hxg3+ 41. Kh3 Ng5+ 42. Kh4 Ne4 43. c4 Nc3 44. Bf3 b6 45. cxd5 cxd5 46. a3 Nb5 47. Bxd5 Nxd4 48. b4 Nc2 49. b5 Nxa3 50. Bc6 Nc4 51. Bf3 Ne5 52. Bb7 Nf7 53. Kh5 Nd6 54. Bc6 Ke3 55. Kg4 Kf2 56. Kf4 Nxb5 57. Bxb5 Kxg2 58. Ke3 Kh2 59. Bc6 g2 60. Bxg2 Kxg2 61. Kd4 Kf3 62. Kc4 Ke4 63. Kb5 Kd4 64. Kb4 Kd3 65. Kb5 Kc3 66. Ka6 Kc4 67. Kxa7 b5 68. Kb6 b4 69. Ka5 b3 70. Ka4 b2 71. Ka5 b1=Q 72. Ka6 Kc5 73. Ka7 Kc6 74. Ka8 Qb7# 0-1


[Site "https://www.chess.com"]

[Event "Titled Tuesday Blitz January 03 Early 2023"]
[White "Movahed, Sina"]
[Black "Winterberg, Lukas"]
[WhiteFideId "42520835"]
[BlackFideId "24622702"]
[WhiteElo "2340"]
[BlackElo "2402"]
[Result "1-0"]
[Round "01"]
[TimeControl "180+2"]
[Date "2023.01.03"]
[WhiteClock "0:00:20"]
[BlackClock "0:00:17"]

1. Nf3 Nf6 2. c4 g6 3. b4 Bg7 4. Bb2 O-O 5. g3 a5 6. b5 c6 7. a4 d5 8. cxd5 cxd5 9. Bg2 Re8 10. O-O Nbd7 11. d4 Nb6 12. Nbd2 Bf5 13. Qb3 Rc8 14. Rfc1 Ne4 15. e3 Rxc1+ 16. Rxc1 Qb8 17. Ba3 Rc8 18. Rxc8+ Qxc8 19. Bxe7 Qc1+ 20. Nf1 Nc4 21. b6 Nc3 22. h4 Bd3 23. Ne5 Bxf1 24. Bxf1 Qxf1+ 25. Kxf1 Nd2+ 26. Kg2 Nxb3 27. Nd7 Nxa4 28. Bd8 Nc3 29. Nc5 Nxc5 30. dxc5 a4 31. c6 bxc6 32. Bc7 d4 33. b7 dxe3 34. b8=Q+ Bf8 35. Bd6 1-0


[Site "https://www.chess.com"]

[Event "Titled Tuesday Blitz January 03 Early 2023"]
[White "Jimenez Almeida, Luis David"]
[Black "Timofeev, Artyom"]
[WhiteFideId "22242244"]
[BlackFideId "4140419"]
[WhiteElo "2242"]
[BlackElo "2567"]
[Result "0-1"]
[Round "01"]
[TimeControl "180+2"]
[Date "2023.01.03"]
[WhiteClock "0:00:15"]
[BlackClock "0:00:23"]

1. e4 c5 2. Nc3 e6 3. Nge2 Nc6 4. d4 cxd4 5. Nxd4 Qc7 6. Be3 Nf6 7. Bd3 a6 8. O-O Be7 9. Qe2 O-O 10. h3 d6 11. Rae1 Bd7 12. f4 b5 13. a3 Nxd4 14. Bxd4 e5 15. Be3 Rac8 16. Nd5 Nxd5 17. exd5 Bf6 18. c3 Rce8 19. Qf2 exf4 20. Bxf4 Be5 21. Kh1 h6 22. Bxe5 dxe5 23. Bf5 Bxf5 24. Qxf5 Qd6 25. Rd1 e4 26. Rfe1 Re5 27. Qf4 f5 28. Rd4 Rfe8 29. a4 g5 30. Qf1 e3 31. axb5 e2 32. Qf3 axb5 33. Rd2 g4 34. Qf4 Qf6 35. d6 Qh4 36. g3 Qxh3+ 37. Kg1 Re3 0-1


[Site "https://www.chess.com"]

[Event "Titled Tuesday Blitz January 03 Early 2023"]
[White "Puranik, Abhimanyu"]
[Black "Mica, Marek"]
[WhiteFideId "5061245"]
[BlackFideId "382884"]
[WhiteElo "2613"]
[BlackElo "2256"]
[Result "1-0"]
[Round "01"]
[TimeControl "180+2"]
[Date "2023.01.03"]
[WhiteClock "0:00:10"]
[BlackClock "0:00:01"]

1. Nf3 d5 2. c4 e6 3. e3 Nf6 4. b3 b6 5. Bb2 Bb7 6. g3 Nbd7 7. Bg2 dxc4 8. bxc4 c5 9. O-O Be7 10. d3 O-O 11. Nc3 a6 12. Qe2 Qc7 13. a4 Rab8 14. Ne1 Bxg2 15. Nxg2 Qc6 16. f4 Rfd8 17. g4 Nf8 18. g5 Ne8 19. h4 Nd6 20. h5 Nf5 21. Rfd1 h6 22. Qg4 hxg5 23. fxg5 Nd7 24. Ne4 b5 25. axb5 axb5 26. Nf6+ Bxf6 27. gxf6 bxc4 28. Bc3 Rb3 29. Rac1 Rxc3 30. Rxc3 Nxf6 31. Qxc4 Qf3 32. Rf1 Qxh5 33. Qxc5 Ng4 34. Qc7 Rd6 35. Rxf5 Qh2+ 36. Kf1 Qh1+ 37. Ke2 Qxg2+ 38. Ke1 Qg3+ 39. Kd2 exf5 40. Qc8+ Kh7 41. Qxf5+ Rg6 42. d4 Qf2+ 43. Qxf2 Nxf2 44. Ke2 Ne4 45. Rc7 Rf6 46. Re7 Nd6 47. Kd3 Kg6 48. d5 Nf5 49. Re8 Rd6 50. e4 Ng3 51. Kc4 f5 52. e5 Ra6 53. d6 Ra4+ 54. Kb5 Rd4 55. Kc5 Rd1 56. Kc6 Ne4 57. d7 f4 58. d8=Q Rxd8 59. Rxd8 f3 60. Rf8 f2 61. Rf4 Ng3 62. Rxf2 1-0


[Site "https://www.chess.com"]

[Event "Titled Tuesday Blitz January 03 Early 2023"]
[White "Andreev, Eduard"]
[Black "Svane, Rasmus"]
[WhiteFideId "14103400"]
[BlackFideId "4657101"]
[WhiteElo "2413"]
[BlackElo "2623"]
[Result "0-1"]
[Round "01"]
[TimeControl "180+2"]
[Date "2023.01.03"]
[WhiteClock "0:00:11"]
[BlackClock "0:00:24"]

1. e4 c6 2. d4 d5 3. Nd2 dxe4 4. Nxe4 Nf6 5. Nxf6+ exf6 6. c3 Bd6 7. Bd3 O-O 8. Qc2 Re8+ 9. Ne2 h5 10. Be3 Nd7 11. Ng3 Nb6 12. Nxh5 Nd5 13. O-O Nxe3 14. fxe3 Rxe3 15. Rae1 Rxe1 16. Rxe1 Bg4 17. Be2 Qd7 18. h3 Bxh5 19. Bxh5 Re8 20. Rxe8+ Qxe8 21. Qe2 Qd7 22. Bf3 f5 23. c4 g6 24. a3 Bf8 25. d5 cxd5 26. Bxd5 b6 27. b4 a5 28. Qb2 axb4 29. axb4 Qd6 30. Qc3 Bg7 31. Qd2 Qg3 32. Bf3 Bf6 33. c5 bxc5 34. bxc5 Bg5 35. Qc3 Bh4 36. Qd2 Qe5 37. Bd5 f4 38. c6 Qa1+ 0-1


[Site "https://www.chess.com"]

[Event "Titled Tuesday Blitz January 03 Early 2023"]
[White "Dardha, Daniel"]
[Black "Fisher_TheGalactic"]
[WhiteFideId "240990"]
[WhiteElo "2631"]
[BlackElo "2521"]
[Result "1-0"]
[Round "01"]
[TimeControl "180+2"]
[Date "2023.01.03"]
[WhiteClock "0:00:21"]
[BlackClock "0:00:06"]

1. d4 d5 2. c4 e6 3. Nf3 Nf6 4. Nc3 Bb4 5. Qa4+ Nc6 6. a3 Bxc3+ 7. bxc3 O-O 8. Bg5 h6 9. Bh4 Bd7 10. Qc2 Qe7 11. e3 Rfe8 12. Bd3 Na5 13. Ne5 dxc4 14. Nxc4 Nxc4 15. Bxc4 c5 16. O-O Bc6 17. f3 cxd4 18. cxd4 Rac8 19. Qe2 Bd5 20. Bd3 Qd7 21. e4 Bc4 22. Bf2 Bxd3 23. Qxd3 Rc6 24. Rfc1 Rec8 25. Rxc6 Qxc6 26. g4 Qc3 27. Rd1 Qxd3 28. Rxd3 a6 29. a4 Rc4 30. Rb3 Rxa4 31. Rxb7 Ra1+ 32. Kg2 a5 33. d5 exd5 34. e5 Nxg4 35. fxg4 Ra4 36. h3 Re4 37. Rb5 Rxe5 38. Rxa5 h5 39. Bg3 Rg5 40. Bf4 Rg6 41. g5 d4 42. Rd5 f6 43. Rd6 Kf7 44. h4 Ke7 45. Kf3 Kf7 46. Ke2 Ke7 47. Kd3 Kf7 48. Kxd4 fxg5 49. Rxg6 Kxg6 50. Bxg5 Kf5 51. Kd5 Kg6 52. Ke6 Kh7 53. Kf7 Kh8 54. Kg6 Kg8 55. Kxh5 Kh7 56. Bf4 g6+ 57. Kg5 Kg7 58. Be5+ Kh7 59. Bd4 Kg8 60. Kxg6 1-0


[Site "https://www.chess.com"]

[Event "Titled Tuesday Blitz January 03 Early 2023"]
[White "Rangel, Daniel"]
[Black "Kamsky, Gata"]
[WhiteFideId "2124475"]
[BlackFideId "2000024"]
[WhiteElo "2207"]
[BlackElo "2665"]
[Result "1/2-1/2"]
[Round "01"]
[TimeControl "180+2"]
[Date "2023.01.03"]
[WhiteClock "0:00:02"]
[BlackClock "0:00:04"]

1. c4 Nf6 2. g3 g6 3. Bg2 Bg7 4. Nc3 O-O 5. e3 c6 6. Nge2 d5 7. cxd5 cxd5 8. O-O e6 9. b3 Nc6 10. Ba3 Re8 11. Bb2 Bd7 12. Nb5 Qb8 13. Ned4 a6 14. Nxc6 bxc6 15. Nc3 c5 16. Na4 Bxa4 17. Bxf6 Bxf6 18. bxa4 Bxa1 19. Qxa1 Qb4 20. h4 Rab8 21. Qc1 c4 22. h5 Qb2 23. Qd1 Qxa2 24. h6 Qb2 25. a5 Qf6 26. Qa4 Rb5 27. Rc1 Reb8 28. Bf1 g5 29. Qa3 Qxh6 30. Qe7 Rxa5 31. d3 Ra2 32. dxc4 dxc4 33. Rxc4 Rd2 34. Rg4 Rd5 35. e4 Qh5 36. exd5 Qxg4 37. d6 Qd4 38. Qxg5+ Kh8 39. Qe7 Kg8 40. d7 Rf8 41. Qg5+ Kh8 42. Qe7 Kg8 43. Qg5+ Kh8 44. Qe7 Kg8 1/2-1/2


[Site "https://www.chess.com"]

[Event "Titled Tuesday Blitz January 03 Early 2023"]
[White "Svane, Frederik"]
[Black "Quinones Garcia, Santiago"]
[WhiteFideId "12923044"]
[BlackFideId "4408497"]
[WhiteElo "2600"]
[BlackElo "2248"]
[Result "1-0"]
[Round "01"]
[TimeControl "180+2"]
[Date "2023.01.03"]
[WhiteClock "0:01:25"]
[BlackClock "0:00:04"]

1. e4 e5 2. Nc3 Nc6 3. Bc4 Nf6 4. d3 Na5 5. Qf3 Nxc4 6. dxc4 Be7 7. Nge2 d6 8. h3 c6 9. O-O Be6 10. b3 h6 11. a4 a5 12. Ba3 Qc7 13. Rad1 O-O 14. Rd3 Rfd8 15. Rfd1 Rd7 16. Ng3 Rad8 17. Nf5 Bxf5 18. Qxf5 Nh7 19. f4 exf4 20. Qxf4 Nf8 21. Ne2 Ne6 22. Qg4 Ng5 23. Ng3 g6 24. h4 Ne6 25. Nf5 c5 26. Nxh6+ Kg7 27. Nxf7 Kxf7 28. Rf1+ Bf6 29. Rdf3 Kg7 30. Rxf6 Nf8 31. Bb2 Kh7 32. Rxf8 1-0


[Site "https://www.chess.com"]

[Event "Titled Tuesday Blitz January 03 Early 2023"]
[White "Girsh, Daniel"]
[Black "Narayanan, Srinath"]
[WhiteFideId "30949190"]
[BlackFideId "5018420"]
[WhiteElo "2123"]
[BlackElo "2559"]
[Result "0-1"]
[Round "01"]
[TimeControl "180+2"]
[Date "2023.01.03"]
[WhiteClock "0:00:16"]
[BlackClock "0:00:03"]

1. e4 c6 2. d4 d5 3. e5 c5 4. dxc5 e6 5. a3 Bxc5 6. Qg4 Ne7 7. Nf3 Ng6 8. Bd3 Nc6 9. b4 Be7 10. Bb2 Qc7 11. O-O h5 12. Qg3 h4 13. Qg4 Rh6 14. Re1 Bd7 15. Nc3 a6 16. Ne2 O-O-O 17. Nf4 Nxf4 18. Qxf4 f5 19. c4 dxc4 20. Bxc4 g5 21. Nxg5 Rg6 22. Nxe6 Rxe6 23. Bxe6 Bxe6 24. Rac1 Kb8 25. h3 Rg8 26. Red1 Bg5 27. Qf3 Bxc1 28. Rxc1 Qd7 29. Rd1 Qf7 30. Rd6 Rc8 31. Qf4 Qe7 32. Bc1 Na7 33. Be3 Nb5 34. Bc5 Qe8 35. Rd3 Ka8 36. a4 Nc7 37. b5 Nd5 38. Qh6 Rxc5 39. bxa6 bxa6 40. Qh7 Rc7 41. Qxh4 Qc8 42. Kh2 Rc4 43. Qh6 Ka7 44. Rb3 Rb4 45. Rg3 Rb7 46. Rg6 Nc7 47. Qe3+ Ka8 48. Rg7 Nd5 49. Qg5 Rxg7 50. Qxg7 Qc7 51. Qf8+ Ka7 52. Qh8 Qc4 53. g3 Nc7 54. Qd8 Bd5 55. e6 Bxe6 56. h4 Kb7 57. h5 Bd5 58. Qd6 Qe4 59. Kh3 Qh1# 0-1


[Site "https://www.chess.com"]

[Event "Titled Tuesday Blitz January 03 Early 2023"]
[White "Lenderman, Aleksandr"]
[Black "Ozates, Tuna"]
[WhiteFideId "2021285"]
[BlackFideId "6354521"]
[WhiteElo "2572"]
[BlackElo "2251"]
[Result "1-0"]
[Round "01"]
[TimeControl "180+2"]
[Date "2023.01.03"]
[WhiteClock "0:02:08"]
[BlackClock "0:01:17"]

1. e4 e5 2. Nf3 Nc6 3. Nc3 Nf6 4. Bb5 Bd6 5. d3 h6 6. O-O O-O 7. a3 Re8 8. Bc4 Bf8 9. Re1 d6 10. h3 g6 11. Be3 Bg7 12. Qd2 g5 13. Nd5 Nxd5 14. Bxd5 Ne7 15. Ba2 Rf8 16. d4 Ng6 17. dxe5 Nxe5 18. Nxe5 Bxe5 19. f4 gxf4 20. Bxf4 Bxb2 21. Bxh6 Bxa1 22. Rxa1 Re8 23. Qf4 Kh7 24. Bg5 Qd7 25. Qh4+ 1-0


[Site "https://www.chess.com"]

[Event "Titled Tuesday Blitz January 03 Early 2023"]
[White "Tran, Thanh Tu"]
[Black "Abasov, Nijat"]
[WhiteFideId "12401404"]
[BlackFideId "13402960"]
[WhiteElo "2412"]
[BlackElo "2634"]
[Result "0-1"]
[Round "01"]
[TimeControl "180+2"]
[Date "2023.01.03"]
[WhiteClock "0:01:01"]
[BlackClock "0:00:16"]

1. Nf3 g6 2. d4 Bg7 3. e3 d5 4. Bd3 c5 5. c3 Bg4 6. Nbd2 Nd7 7. O-O Ngf6 8. h3 Bxf3 9. Nxf3 O-O 10. Qe2 Qc7 11. b3 e5 12. dxe5 Nxe5 13. Nxe5 Qxe5 14. Ba3 b6 15. Rac1 Rad8 16. Rfd1 Ne4 17. Bxe4 dxe4 18. b4 Rxd1+ 19. Qxd1 c4 20. b5 Ra8 21. Qd7 Qe6 22. Qc7 Qd5 23. Bb4 Be5 24. Qc6 Qxc6 25. bxc6 a5 26. Be7 Rc8 27. f4 exf3 28. gxf3 Rxc6 29. f4 Re6 30. Bd8 Bb8 31. Rd1 Rxe3 32. Bxb6 Rd3 33. Rxd3 cxd3 34. Be3 Ba7 35. Kf2 d2 36. Bxa7 d1=Q 37. Ke3 Qg1+ 38. Kd3 Qxa7 39. Kc4 Qc7+ 40. Kd5 f5 41. c4 Kf7 42. c5 Kf6 43. c6 g5 44. Kc5 gxf4 45. Kb5 f3 46. Ka6 f2 47. a4 f1=Q# 0-1


[Site "https://www.chess.com"]

[Event "Titled Tuesday Blitz January 03 Early 2023"]
[White "Drozdowski, Kacper"]
[Black "Kopczynski, Michal"]
[WhiteFideId "1136720"]
[BlackFideId "1124200"]
[WhiteElo "2448"]
[BlackElo "2225"]
[Result "1-0"]
[Round "01"]
[TimeControl "180+2"]
[Date "2023.01.03"]
[WhiteClock "0:01:33"]
[BlackClock "0:00:12"]

1. e4 c5 2. Nf3 d6 3. d4 cxd4 4. Nxd4 Nf6 5. f3 g6 6. c4 Bg7 7. Nc3 O-O 8. Be3 Nc6 9. Qd2 Bd7 10. Be2 Rc8 11. Rc1 Qa5 12. O-O Rfe8 13. Rfd1 a6 14. Bf1 Ne5 15. b3 h5 16. Rc2 h4 17. Nd5 Qxd2 18. Nxf6+ Bxf6 19. Rdxd2 h3 20. g3 b5 21. cxb5 axb5 22. Kf2 Rxc2 23. Rxc2 Ra8 24. Nxb5 g5 25. Nd4 g4 26. f4 Ng6 27. Be2 e5 28. Nf5 exf4 29. gxf4 Bxf5 30. exf5 Bh4+ 31. Kf1 Re8 32. Bd2 g3 33. hxg3 Nxf4 34. Bxf4 h2 35. Bf3 Bxg3 36. Bxg3 Re3 37. Bxh2 Rxf3+ 38. Rf2 Rxf5 39. Rxf5 1-0


[Site "https://www.chess.com"]

[Event "Titled Tuesday Blitz January 03 Early 2023"]
[White "Cappai, Davide"]
[Black "Makarian, Rudik"]
[WhiteFideId "813338"]
[BlackFideId "44105681"]
[WhiteElo "2140"]
[BlackElo "2545"]
[Result "0-1"]
[Round "01"]
[TimeControl "180+2"]
[Date "2023.01.03"]
[WhiteClock "0:00:16"]
[BlackClock "0:00:37"]

1. b3 d5 2. Bb2 Bg4 3. Nf3 Bxf3 4. gxf3 Nf6 5. e3 g6 6. f4 Bg7 7. Bg2 O-O 8. d4 e6 9. Nd2 c5 10. c3 Na6 11. O-O Nc7 12. Nf3 Nce8 13. Ne5 Rc8 14. Qd3 Nd6 15. f3 b5 16. Rfd1 Nh5 17. Rac1 Qb6 18. b4 c4 19. Qe2 Qd8 20. Qf2 a5 21. Ba3 a4 22. Rc2 Bf6 23. Bh3 Bh4 24. Qf1 Nf5 25. Bc1 Qe7 26. Bxf5 exf5 27. Qh3 Bf6 28. Rg2 Kh8 29. Kh1 Bxe5 30. fxe5 f6 31. f4 Qg7 32. Rdg1 Qh6 33. Qf3 Rcd8 34. Bd2 Ng7 35. Rg3 Ne6 36. Rh3 Qg7 37. Rhg3 fxe5 38. dxe5 g5 39. Rxg5 Nxg5 40. Rxg5 Qf7 41. h4 Rg8 42. Kh2 h6 43. Rxg8+ Rxg8 44. Be1 Kh7 45. Bg3 a3 46. Bf2 Rg4 47. Bg3 h5 48. Kg2 Qe6 49. Kf2 Kg6 50. Ke2 Kf7 51. Kf2 Ke7 52. Qd1 Kf7 53. Qd4 Rg7 54. Qa7+ Kg6 55. Qc5 Kh7 56. Qd6 Qxd6 57. exd6 Kg6 58. Kf3 Kf6 59. Kf2 Ke6 60. Kf3 Kxd6 61. Kf2 d4 62. exd4 Kd5 63. Kf3 Re7 64. Bf2 Re8 65. Bg3 Re7 66. Bf2 Re4 67. Bg3 Rxd4 68. cxd4 Kxd4 69. Ke2 Kc3 70. Be1+ Kb2 71. Kd1 c3 72. Ke2 c2 73. Bd2 Kxa2 74. Kd3 Kb1 75. Kd4 a2 76. Ke5 a1=Q+ 0-1


[Site "https://www.chess.com"]

[Event "Titled Tuesday Blitz January 03 Early 2023"]
[White "Eljanov, Pavel"]
[Black "Shuvalov, Evgenij"]
[WhiteFideId "14102951"]
[BlackFideId "4187237"]
[WhiteElo "2705"]
[BlackElo "2038"]
[Result "1-0"]
[Round "01"]
[TimeControl "180+2"]
[Date "2023.01.03"]
[WhiteClock "0:00:51"]
[BlackClock "0:00:04"]

1. c4 Nf6 2. g3 c6 3. Bg2 d5 4. Nf3 g6 5. b3 Bg7 6. Bb2 Qb6 7. Na3 Ne4 8. d4 Qa5+ 9. Nd2 Nxd2 10. Qxd2 Qxd2+ 11. Kxd2 Be6 12. cxd5 Bxd5 13. e4 Be6 14. Rad1 Na6 15. Kc1 O-O-O 16. Nc4 Rd7 17. Ne3 Nc7 18. d5 Bxb2+ 19. Kxb2 cxd5 20. exd5 Bf5 21. Nxf5 gxf5 22. d6 Rxd6 23. Rxd6 exd6 24. Bh3 Re8 25. Bxf5+ Kd8 26. Bd3 h6 27. Rc1 Ne6 28. b4 Nd4 29. Rc4 Nf3 30. Rf4 Ne5 31. Bc2 Ke7 32. Rh4 Rh8 33. f4 Nf3 34. Rh5 Nd4 35. Be4 b6 36. Kc3 Ne6 37. a3 Kf6 38. Rf5+ Ke7 39. Bd5 h5 40. Bf3 h4 41. g4 Rc8+ 42. Kd3 Rc1 43. g5 Rf1 44. Ke3 Rxf3+ 45. Kxf3 Nd4+ 46. Ke4 Nxf5 47. Kxf5 Kd7 48. Ke4 Ke6 49. f5+ Ke7 50. Kd5 Kd7 51. b5 Ke7 52. Kc6 h3 53. a4 f6 54. g6 Kf8 55. Kxd6 1-0


[Site "https://www.chess.com"]

[Event "Titled Tuesday Blitz January 03 Early 2023"]
[White "Reprintsev, Alexander"]
[Black "Terry, Renato"]
[WhiteFideId "14100541"]
[BlackFideId "3803457"]
[WhiteElo "2253"]
[BlackElo "2520"]
[Result "0-1"]
[Round "01"]
[TimeControl "180+2"]
[Date "2023.01.03"]
[WhiteClock "0:01:32"]
[BlackClock "0:01:35"]

1. e4 g6 2. d3 Bg7 3. d4 d5 4. Nc3 dxe4 5. Nxe4 Qxd4 6. Qxd4 Bxd4 7. Nf3 Bg7 8. Bf4 Bxb2 9. Rb1 Bg7 10. Bxc7 Nc6 11. Bb5 Nf6 12. Nc5 O-O 13. O-O Nd5 14. Bxc6 bxc6 15. Be5 f6 16. Bb2 e5 17. Ba3 Re8 18. Nd2 Nc3 19. Rb2 e4 20. Nc4 f5 21. Kh1 Nb5 22. Rb3 Rd8 23. Bb4 Nd4 24. Rb2 Ne6 25. Rb3 Nxc5 26. Bxc5 Ba6 27. Rb4 Rab8 28. Ra4 Bb5 29. Rb4 a5 0-1


[Site "https://www.chess.com"]

[Event "Titled Tuesday Blitz January 03 Early 2023"]
[White "Molina, Roberto Junio Brito"]
[Black "Orzech, Dominik"]
[WhiteFideId "2109450"]
[BlackFideId "1115065"]
[WhiteElo "2403"]
[BlackElo "2308"]
[Result "1-0"]
[Round "01"]
[TimeControl "180+2"]
[Date "2023.01.03"]
[WhiteClock "0:00:09"]
[BlackClock "0:00:01"]

1. d4 Nf6 2. c4 c6 3. Nc3 d5 4. Nf3 dxc4 5. a4 Bf5 6. Ne5 Na6 7. f3 Nd7 8. Nxc4 e5 9. e4 exd4 10. Qxd4 Nb4 11. Qd1 Be6 12. Be3 Nc5 13. Bxc5 Bxc5 14. Be2 O-O 15. Ne5 Qg5 16. Ng4 Bxg4 17. fxg4 Rad8 18. Qc1 Be3 19. Qb1 Bd2+ 20. Kf1 Rd6 21. Bf3 Rfd8 22. Ne2 Nd3 23. Ng1 Qe3 24. Nh3 Rf6 25. Qd1 Ne5 26. Qe2 Nxf3 27. Qxe3 Nxh2+ 28. Ke2 Bxe3 29. Rxh2 Bd4 30. Rd1 Rfd6 31. b3 Be5 32. Rxd6 Rxd6 33. Rh1 h6 34. Nf2 Rd4 35. Rc1 Rb4 36. Nd3 Rxe4+ 37. Kf3 Rd4 38. Nxe5 Rb4 39. Rc3 f6 40. Nc4 b5 41. Nb2 bxa4 42. Nxa4 a5 43. g3 Kh7 44. Nc5 Kg6 45. Nd3 Rb6 46. Nf4+ Kf7 47. Ke4 Rb4+ 48. Kd3 a4 49. bxa4 Rxa4 50. Ke3 f5 51. gxf5 Kf6 52. Kf3 Kxf5 53. Rc5+ Kf6 54. Rxc6+ Kf7 55. Nh5 Ra3+ 56. Kg2 Ra2+ 57. Kh3 Ra4 58. Rc7+ Kg6 59. Nxg7 Ra6 60. Ne8 Re6 61. Rg7+ Kf5 62. Nc7 Re3 63. Nd5 Re5 64. Nf4 Re3 65. Rf7+ Kg5 66. Rg7+ Kf5 67. Kh4 Re5 68. Rf7+ Ke4 69. Nh5 Rg5 70. g4 Ke5 71. Ng3 Rg6 72. Rf2 Rg5 73. Nf5 Rg6 74. Re2+ Kf6 75. Ra2 h5 76. Ra6+ 1-0


[Site "https://www.chess.com"]

[Event "Titled Tuesday Blitz January 03 Early 2023"]
[White "Fiorito, Joaquin"]
[Black "Grigoriants, Sergey"]
[WhiteFideId "180173"]
[BlackFideId "4130804"]
[WhiteElo "2405"]
[BlackElo "2562"]
[Result "0-1"]
[Round "01"]
[TimeControl "180+2"]
[Date "2023.01.03"]
[WhiteClock "0:00:10"]
[BlackClock "0:00:49"]

1. d4 Nf6 2. Nc3 d5 3. Bf4 c5 4. e3 cxd4 5. exd4 a6 6. Nf3 Bg4 7. h3 Bh5 8. g4 Bg6 9. Ne5 Nc6 10. h4 Qb6 11. Nxc6 bxc6 12. h5 Qxb2 13. Na4 Qxc2 14. hxg6 Qe4+ 15. Qe2 Qxh1 16. Nb6 Rd8 17. gxf7+ Kxf7 18. g5 Qe4 19. Be3 Ng4 20. O-O-O e5 21. Qxa6 Nxe3 22. Qb7+ Be7 23. fxe3 Qxe3+ 24. Kc2 Qf2+ 25. Kb1 Rb8 26. Qxc6 Rhd8 27. Bd3 Rd6 0-1


[Site "https://www.chess.com"]

[Event "Titled Tuesday Blitz January 03 Early 2023"]
[White "Baskakov, Egor"]
[Black "Bettalli, Francesco"]
[WhiteFideId "24197866"]
[BlackFideId "2816453"]
[WhiteElo "2215"]
[BlackElo "2252"]
[Result "1-0"]
[Round "01"]
[TimeControl "180+2"]
[Date "2023.01.03"]
[WhiteClock "0:01:05"]
[BlackClock "0:01:26"]

1. e4 e5 2. Nc3 Nc6 3. g3 g6 4. Bg2 Bg7 5. Nge2 Nge7 6. O-O O-O 7. d3 d6 8. h3 Be6 9. Nd5 Qd7 10. Kh2 f5 11. f4 fxe4 12. dxe4 exf4 13. Nexf4 Bxd5 14. exd5 Ne5 15. Ne6 Rxf1 16. Qxf1 Nf5 17. g4 Ne7 18. Bg5 h6 19. Bf6 Nf5 20. gxf5 Bxf6 21. fxg6 Bg7 22. Qf5 Rf8 23. Qe4 Rf6 24. Rf1 Rxg6 25. Qh4 Kh7 26. Be4 Qe8 27. Qh5 Kh8 28. Bxg6 Nxg6 29. Rg1 Be5+ 30. Kh1 Kh7 31. Qxg6+ Qxg6 32. Nf8+ Kg7 33. Nxg6 Bxb2 34. Nf4+ Kf6 35. Rb1 Bd4 36. Rxb7 Bb6 37. Ne6 Ke5 38. Nxc7 a5 39. Rxb6 1-0


[Site "https://www.chess.com"]